 Dungeon Crawl Stone Soup version 0.26.1-2-gb8aa6d0cf2 (webtiles) character file.

Game seed: 16758907506430261350

3928 Alarak the Spear-Bearer (level 10, -2/81 HPs)
             Began as a Gnoll Wanderer on Mar 21, 2021.
             Was an Initiate of Qazlal.
             Slain by Grum
             ... wielding a +0 halberd
              (12 damage)
             ... on level 9 of the Dungeon.
             The game lasted 00:20:40 (11446 turns).

Alarak the Spear-Bearer (Gnoll Wanderer)           Turns: 11446, Time: 00:20:41

Health: -2/81      AC: 17    Str: 21    XL:     10   Next: 21%
Magic:  0/17       EV:  9    Int: 17    God:    Qazlal [......]
Gold:   334        SH:  0    Dex: 15    Spells: 18/19 levels left

rFire    . . .     SeeInvis .   a - +2 scythe (protect)
rCold    . . .     Faith    .   (shield currently unavailable)
rNeg     . . .     Spirit   +   j - +0 plate armour
rPois    +         Reflect  .   k - +1 helmet
rElec    .         Harm     .   B - +0 cloak
rCorr    .         Rampage  .   L - +0 pair of gloves
Will     .....                  (no boots)
Stlth    ..........             K - amulet of guardian spirit
HPRegen  0.23/turn              o - ring of poison resistance
MPRegen  0.15/turn              J - +6 ring of strength

@: no status effects
A: distributed training, fangs 1, strong nose
a: Renounce Religion


You were on level 9 of the Dungeon.
You worshipped Qazlal.
Qazlal was noncommittal.
You visited 2 branches of the dungeon, and saw 10 of its levels.

You collected 334 gold pieces.

Inventory:

Hand Weapons
 a - a +2 scythe of protection (weapon)
 d - a +1 dagger of venom
 e - a +2 rapier of holy wrath
 s - the +1 hunting sling of Loummych {speed, rElec rF+ Dex-2}
   (You found it on level 9 of the Dungeon)

   Attacks with this weapon are significantly faster.
   It affects your dexterity (-2).
   It protects you from fire.
   It insulates you from electricity.
 v - a +2 spear
Missiles
 r - 317 stones
Armour
 j - a +0 plate armour (worn)
 k - a +1 helmet (worn)
 z - a +0 robe
 A - a +3 leather armour of willpower
 B - a +0 cloak (worn)
 L - a +0 pair of gloves (worn)
Magical Staves
 C - an uncursed staff of cold
 M - an uncursed staff of air
Jewellery
 g - a -4 ring of dexterity
 o - a ring of poison resistance (left hand)
 J - a +6 ring of strength (right hand)
 K - an amulet of guardian spirit (around neck)
 O - an uncursed ring of positive energy {unknown}
 Q - an uncursed ring of willpower {unknown}
Wands
 i - a wand of polymorph (3)
 n - a wand of acid (4)
 y - a wand of digging (4)
 H - a wand of paralysis (10)
 N - a wand of flame (23)
Scrolls
 b - 4 scrolls of identify
 f - a scroll of random uselessness {unknown}
 q - 2 scrolls of fog
 u - 3 scrolls of remove curse
 x - 4 scrolls of teleportation
 D - a scroll of vulnerability {unknown}
 E - a scroll of enchant armour
 I - a scroll of brand weapon {unknown}
 S - a scroll of amnesia {unknown}
Potions
 c - 2 potions of curing
 h - a potion of attraction
 l - 2 potions of lignification {unknown}
 m - 2 potions of heal wounds
 p - a potion of brilliance {unknown}
 t - 4 potions of might {unknown}
 w - a potion of mutation {unknown}
 F - a potion of ambrosia {unknown}
 G - a potion of degeneration {unknown}
 P - a potion of berserk rage {unknown}
 R - a potion of haste {unknown}


   Skills:
 + Level 8.3 Fighting
 + Level 5.0 Short Blades
 + Level 5.0 Long Blades
 + Level 5.0 Axes
 + Level 5.0 Maces & Flails
 + Level 8.3 Polearms
 + Level 5.0 Staves
 + Level 5.0 Slings
 + Level 5.0 Bows
 + Level 5.7 Crossbows
 + Level 5.7 Throwing
 + Level 5.7 Armour
 + Level 5.0 Dodging
 + Level 5.0 Stealth
 + Level 5.0 Shields
 + Level 5.0 Unarmed Combat
 + Level 5.0 Spellcasting
 + Level 4.1 Conjurations
 + Level 4.1 Hexes
 + Level 4.1 Summonings
 + Level 4.1 Necromancy
 + Level 4.1 Translocations
 + Level 4.1 Transmutations
 + Level 4.1 Fire Magic
 + Level 4.1 Ice Magic
 + Level 4.1 Air Magic
 + Level 4.1 Earth Magic
 + Level 4.1 Poison Magic
 + Level 5.5 Invocations
 + Level 5.7 Evocations


You had 18 spell levels left.
You knew the following spells:

 Your Spells              Type           Power        Failure   Level
a - Magic Dart            Conj           72%          47%         1

Your spell library contained the following spells:

 Spells                   Type           Power        Failure   Level
 Searing Ray              Conj           36%          63%         2
 Dazzling Flash           Conj/Hex       36%          85%         3
 Fulminant Prism          Conj/Hex       9%           99%         4
 Iskenderun's Mystic Bla  Conj/Tloc      18%          99%         4


Dungeon Overview and Level Annotations

Branches:
Dungeon (9/15)             Temple (1/1) D:6            Lair (0/6) D:9
    Orc: D:9-12

Altars:
Ashenzari
Cheibriados
Dithmenos
Elyvilon
Fedhas
Gozag
Hepliaklqana
Kikubaaqudgha
Makhleb
Nemelex Xobeh
Okawaru
Qazlal
Ru
Sif Muna
Trog
Uskayaw
Vehumet
Wu Jian
Xom
Yredelemnul
Zin
The Shining One

Annotations:
D:9 Grum


Innate Abilities, Weirdness & Mutations

Your experience applies equally to all skills.
You have very sharp teeth.
Your uncanny sense of smell can sniff out nearby items.


Message History

You slash the wolf!
Your weapon exudes an aura of protection.
The wolf is severely wounded.
The wolf bites you but does no damage. The wolf barely misses you.
Grum hits you from afar with a +0 halberd.
The wolf closely misses you.
You miss the wolf. Your bite misses the wolf.
The wolf is severely wounded.
The wolf closely misses you. The wolf bites you.
* * * LOW HITPOINT WARNING * * *
Grum hits you but does no damage. The wolf bites you but does no damage.
You closely miss the wolf. Your bite misses the wolf.
The wolf is severely wounded.
The wolf closely misses you. The wolf bites you.
* * * LOW HITPOINT WARNING * * *
Grum hits you from afar with a +0 halberd!
* * * LOW HITPOINT WARNING * * *
The wolf bites you but does no damage.
Grum hits you from afar with a +0 halberd!
You die...

#..........#..........
#..........#.#........
#.........<#.#........
#............#......>.
#..........###........
#..........# ######.##
#.....)....# #..#
#####.###### ##..


#hgh@# ## ##h######### ###### #...h......# #..... #.h........### #.....
#..........:[$ #...<. #..........## #.>... #..........# #....[ #..........#
#....... #(...(.....# ###..... You could see Grum and 3 wolves.

Vanquished Creatures
  A two-headed ogre (D:9)
  Pikel (D:5)
  Maurice (D:8)
  Grinder (D:6)
  Sigmund (D:4)
  Duvessa (D:4)
  A sky beast (D:6)
  A black bear (D:6)
  An eye of draining (D:9)
  3 ogres
  A hornet zombie (D:7)
  A wolf (D:9)
  2 centaurs
  3 bullfrogs
  Dowan (D:4)
  2 scorpions
  A water moccasin skeleton (D:8)
  A howler monkey (D:5)
  2 centaur zombies
  3 hounds
  2 jellies (D:5)
  3 bullfrog skeletons
  A centaur skeleton (D:5)
  Ijyb (D:4)
  Jessica (D:3)
  An iguana (D:6)
  4 worker ants
  An orc wizard (D:4)
  A howler monkey zombie (D:3)
  A worker ant zombie (D:8)
  8 adders
  A shadow imp (D:5)
  3 white imps
  2 ufetubi
  An ooze (D:1)
  An adder skeleton (D:6)
  3 worms
  2 dart slugs
  4 leopard geckos
  7 orcs
  3 giant cockroaches
  7 goblins
  5 hobgoblins
  21 jackals
  8 kobolds
  5 quokkas
  2 ball pythons
  12 bats
  10 frilled lizards
  A leopard gecko zombie (D:8)
  2 quokka skeletons (D:4)
  9 rats
162 creatures vanquished.

Notes
Turn   | Place    | Note
-------+----------+-------------------------------------------
     0 | D:1      | Alarak the Gnoll Wanderer began the quest for the Orb.
     0 | D:1      | Alarak set off with the following items: a +2 spear, a +0
                  | short sword, a potion of curing, a +0 robe
     0 | D:1      | Reached XP level 1. HP: 23/23 MP: 1/1
   169 | D:1      | Reached XP level 2. HP: 28/29 MP: 2/2
   469 | D:1      | Reached XP level 3. HP: 35/35 MP: 3/3
   831 | D:2      | Reached skill level 1 in Invocations
   950 | D:2      | Reached skill level 1 in Short Blades
   950 | D:2      | Reached skill level 1 in Long Blades
   950 | D:2      | Reached skill level 1 in Axes
   950 | D:2      | Reached skill level 1 in Maces & Flails
   950 | D:2      | Reached skill level 1 in Staves
   950 | D:2      | Reached skill level 1 in Slings
   950 | D:2      | Reached skill level 1 in Bows
   950 | D:2      | Reached skill level 1 in Dodging
   950 | D:2      | Reached skill level 1 in Stealth
   950 | D:2      | Reached skill level 1 in Shields
   950 | D:2      | Reached skill level 1 in Unarmed Combat
   950 | D:2      | Reached skill level 1 in Spellcasting
   950 | D:2      | Reached XP level 4. HP: 39/41 MP: 5/5
  1392 | D:2      | Reached skill level 1 in Conjurations
  1392 | D:2      | Reached skill level 1 in Hexes
  1392 | D:2      | Reached skill level 1 in Summonings
  1392 | D:2      | Reached skill level 1 in Necromancy
  1392 | D:2      | Reached skill level 1 in Translocations
  1392 | D:2      | Reached skill level 1 in Transmutations
  1392 | D:2      | Reached skill level 1 in Fire Magic
  1392 | D:2      | Reached skill level 1 in Ice Magic
  1392 | D:2      | Reached skill level 1 in Air Magic
  1392 | D:2      | Reached skill level 1 in Earth Magic
  1392 | D:2      | Reached skill level 1 in Poison Magic
  1631 | D:2      | Found a white marble altar of Elyvilon.
  1645 | D:2      | Found an iron altar of Okawaru.
  1645 | D:2      | Found a shimmering altar of Xom.
  1647 | D:2      | Found a white marble altar of Elyvilon.
  1647 | D:2      | Found a white marble altar of Elyvilon.
  1647 | D:2      | Found a hazy altar of Hepliaklqana.
  1958 | D:3      | Reached XP level 5. HP: 40/47 MP: 6/6
  2481 | D:3      | Noticed Jessica
  2483 | D:3      | Killed Jessica
  2889 | D:3      | You fall into a shaft and drop 1 floor!
  2889 | D:4      | Noticed Duvessa
  2889 | D:4      | Noticed Dowan
  3218 | D:4      | Noticed Sigmund
  3249 | D:4      | Killed Sigmund
  3250 | D:4      | Reached XP level 6. HP: 8/53 MP: 7/9
  3568 | D:4      | Killed Duvessa
  3569 | D:4      | Reached XP level 7. HP: 36/59 MP: 10/10
  3591 | D:4      | Killed Dowan
  4017 | D:4      | Noticed Ijyb
  4028 | D:4      | Killed Ijyb
  5007 | D:4      | Learned a level 1 spell: Magic Dart
  5211 | D:5      | Entered Level 5 of the Dungeon
  5284 | D:5      | Noticed Pikel
  5299 | D:5      | Killed Pikel
  5300 | D:5      | Reached XP level 8. HP: 16/67 MP: 8/12
  6355 | D:5      | Found a sparkling altar of Nemelex Xobeh.
  6922 | D:6      | Noticed Grinder
  6932 | D:6      | Killed Grinder
  6933 | D:6      | Reached XP level 9. HP: 62/73 MP: 8/14
  7029 | D:6      | Found an ancient bone altar of Kikubaaqudgha.
  7328 | D:6      | Found a staircase to the Ecumenical Temple.
  7344 | Temple   | Entered the Ecumenical Temple
  7464 | Temple   | Became a worshipper of Qazlal Stormbringer
  8513 | D:7      | Reached skill level 5 in Crossbows
  8513 | D:7      | Reached skill level 5 in Throwing
  8513 | D:7      | Reached skill level 5 in Armour
  8513 | D:7      | Reached skill level 5 in Evocations
  9695 | D:8      | Noticed Maurice
 10069 | D:8      | Killed Maurice
 10070 | D:8      | Reached skill level 5 in Invocations
 10302 | D:8      | Found a shadowy altar of Dithmenos.
 10671 | D:9      | Got a shimmering hunting sling
 10672 | D:9      | Identified the +1 hunting sling of Loummych {speed, rElec
                  | rF+ Dex-2} (You found it on level 9 of the Dungeon)
 11022 | D:9      | Found a staircase to the Lair.
 11110 | D:9      | Noticed a two-headed ogre
 11137 | D:9      | Killed a two-headed ogre
 11138 | D:9      | Reached skill level 5 in Short Blades
 11138 | D:9      | Reached skill level 5 in Long Blades
 11138 | D:9      | Reached skill level 5 in Axes
 11138 | D:9      | Reached skill level 5 in Maces & Flails
 11138 | D:9      | Reached skill level 5 in Staves
 11138 | D:9      | Reached skill level 5 in Slings
 11138 | D:9      | Reached skill level 5 in Bows
 11138 | D:9      | Reached skill level 5 in Dodging
 11138 | D:9      | Reached skill level 5 in Stealth
 11138 | D:9      | Reached skill level 5 in Shields
 11138 | D:9      | Reached skill level 5 in Unarmed Combat
 11138 | D:9      | Reached skill level 5 in Spellcasting
 11138 | D:9      | Reached XP level 10. HP: 24/81 MP: 6/17
 11410 | D:9      | Noticed Grum
 11446 | D:9      | Slain by Grum

Illustrated notes

Levels and vault maps discovered:
D:1:      dpeg_arrival_stone_temple_mockup, layout_loops_cross,
          minmay_crystal_water
D:2:      layout_loops_ring, doesnt_xom_only_xom
D:3:      layout_basic, uniq_jessica
D:4:      layout_basic, kennysheep_minor_cross, glass_columns_a,
          kennysheep_path_1, uniq_duvessa, uniq_sigmund, uniq_ijyb
D:5:      layout_gridville, nemelex_diamond_rough_becter, uniq_pikel
D:6:      layout_basic, lemuel_crystal_altar, temple_statues,
          kennysheep_pointless_box, uniq_grinder
D:7:      layout_cave_pools
D:8:      layout_layer_cave, basic_altar, uniq_maurice
D:9:      layout_roguey, lair_entry_dummy, minmay_misc_feat_tiny,
          eino_curves_03, hangedman_abyss_or_decor_stabs, uniq_grum
Temple:   nicolae_temple_the_god_donut

Skill      XL: |  1  2  3  4  5  6  7  8  9 |
---------------+----------------------------+-----
Invocations    | 1 2 3 4 5 |  5.5
Short Blades   | 1 2 3 5 |  5.0
Long Blades    | 1 2 3 5 |  5.0
Axes           | 1 2 3 5 |  5.0
Maces & Flails | 1 2 3 5 |  5.0
Staves         | 1 2 3 5 |  5.0
Slings         | 1 2 3 5 |  5.0
Bows           | 1 2 3 5 |  5.0
Dodging        | 1 2 3 5 |  5.0
Stealth        | 1 2 3 5 |  5.0
Shields        | 1 2 3 5 |  5.0
Unarmed Combat | 1 2 3 5 |  5.0
Spellcasting   | 1 2 3 5 |  5.0
Conjurations   | 1 2 3 4 |  4.1
Hexes          | 1 2 3 4 |  4.1
Summonings     | 1 2 3 4 |  4.1
Necromancy     | 1 2 3 4 |  4.1
Translocations | 1 2 3 4 |  4.1
Transmutations | 1 2 3 4 |  4.1
Fire Magic     | 1 2 3 4 |  4.1
Ice Magic      | 1 2 3 4 |  4.1
Air Magic      | 1 2 3 4 |  4.1
Earth Magic    | 1 2 3 4 |  4.1
Poison Magic   | 1 2 3 4 |  4.1
Crossbows      | 3 4 5 |  5.7
Throwing       | 3 4 5 |  5.7
Armour         | 3 4 5 |  5.7
Evocations     | 3 4 5 |  5.7
Fighting       | 7 8 |  8.3
Polearms       | 7 8 |  8.3

Action                   |  1- 3 |  4- 6 |  7- 9 | 10-12 || total
-------------------------+-------+-------+-------+-------++-------
Melee: Spear             |   124 |   111 |       |       ||   235
       Bite              |    11 |     3 |     7 |       ||    21
       Scythe            |       |    15 |   179 |     3 ||   197
       Dagger            |       |       |     7 |       ||     7
       Punch             |       |       |     1 |       ||     1
 Fire: Hunting sling     |       |   108 |    73 |    30 ||   211
Throw: Stone             |       |     1 |     1 |       ||     2
 Cast: Magic Dart        |       |       |   114 |       ||   114
Evoke: Wand              |       |       |     6 |       ||     6
  Use: Scroll            |       |     2 |     7 |       ||     9
 Stab: Sleeping          |     1 |       |     4 |       ||     5
Armor: Robe              |     8 |       |       |       ||     8
       Plate armour      |    29 |   106 |    49 |    52 ||   236
       Leather armour    |       |       |    80 |       ||    80
Dodge: Dodged            |    31 |    25 |   141 |    33 ||   230
